AoeStats
← SappYoda

Nomad

505733001Analyzed
2v2 RM · 22d ago on Sep 10, 2026· 56m 1s· 4 players
Game mode
Random Map
Map size
176×176
Population
200
Speed
Normal
Resources
Standard
Victory
Conquest
Starting age
Dark Age
Ending age
Imperial Age
RankedLock teamsTeams togetherTeam positionsShared explorationLock speedFull tech treeHidden civsTurbo modeCheats
Victory
Defeat
🇪🇸 Mongols · Spain
1033
+17
🇪🇸 Malians · Spain
1025
+16
🇹🇷 Spanish · Türkiye
1055
-17
🇹🇷 Byzantines · Türkiye
1036
-16
SappYoda
7:40 Loom
13:48 Feudal Age
18:00 Castle Age
18:18 Bloodlines
18:15 Scale Barding Armor
19:23 Horse Collar
20:26 Town Watch
21:51 Double-Bit Axe
22:45 Wheelbarrow
25:40 Husbandry
25:52 Forging
29:24 Bow Saw
29:15 Heavy Plow
30:22 Hand Cart
31:09 Town Patrol
33:54 Chain Barding Armor
34:37 Fletching
35:18 Bodkin Arrow
40:15 Imperial Age
39:22 Iron Casting
40:34 Cavalier
42:00 Plate Barding Armor
41:36 Farimba
42:10 Fortified Wall
43:51 Gold Mining
43:51 Stone Mining
44:37 Medium Warships
45:40 Redemption
48:15 Sanctity
51:06 Scale Mail Armor
52:46 Guilds
52:15 Light Cavalry
escipio5
6:01 Loom
14:37 Feudal Age
15:08 Double-Bit Axe
16:04 Town Watch
16:55 Wheelbarrow
19:15 Padded Archer Armor
21:18 Castle Age
19:46 Fletching
19:56 Gold Mining
19:57 Stone Mining
19:51 Horse Collar
21:21 Bloodlines
22:48 Stone Shaft Mining
22:49 Gold Shaft Mining
23:11 Bow Saw
24:35 Thumb Ring
24:45 Husbandry
25:28 Bodkin Arrow
25:49 Leather Archer Armor
26:59 Town Patrol
28:16 Ballistics
28:55 Hand Cart
38:32 Imperial Age
37:33 Forging
40:46 Bracer
40:46 Capped Ram
42:57 Conscription
44:55 Drill
49:25 Chemistry
49:23 Elite Mangudai
51:46 Parthian Tactics
51:11 Light Cavalry
55:37 Siege Ram
HSDMR
3:31 Loom
13:43 Feudal Age
15:01 Double-Bit Axe
18:50 Wheelbarrow
18:45 Padded Archer Armor
22:00 Castle Age
20:27 Fishing Lines
21:11 Stone Mining
21:53 Fletching
25:38 Hand Cart
26:00 Bow Saw
26:26 Pikeman
27:09 Scale Mail Armor
27:21 Forging
29:41 Gold Mining
31:08 Elite Skirmisher
35:17 Squires
34:54 Demolition Ship
35:53 Bodkin Arrow
36:01 Treadmill Crane
37:01 Gillnets
37:25 Murder Holes
40:19 Leather Archer Armor
40:40 Iron Casting
46:58 Imperial Age
48:50 Chemistry
49:02 Conscription
48:58 Halberdier
50:26 Bracer
51:00 Ring Archer Armor
Magua
14:52 Feudal Age
14:15 Loom
15:30 Fishing Lines
17:05 Gold Mining
17:29 Double-Bit Axe
19:13 Wheelbarrow
18:39 Stone Mining
21:27 Castle Age
22:04 Fletching
23:08 Bow Saw
26:11 Stone Shaft Mining
26:04 Gillnets
26:27 Medium Warships
28:32 Clinker Construction
28:21 Murder Holes
28:47 Ballistics
28:39 Masonry
31:02 Husbandry
31:13 Bloodlines
32:16 Hand Cart
36:15 Imperial Age
33:12 Pikeman
38:04 Chemistry
37:05 Town Watch
38:02 Cavalier
39:18 Carvel Hull
40:21 Conscription
40:23 Supremacy
41:23 Elite Cannon Galleon
Connection lost

Rejoining the realm…

Still unreachable

The connection could not be restored.

Session expired

The server has moved on; the page needs a fresh start.